Cogmind - Beta 13 @@@ ROGUE MODE // 2024.07.31 @ 21:36:43 Player: Gofreza Result: Destroyed by Y-45 Defender with Beam Rifle Performance ------------- Evolutions (2) 1000 Regions Visited (4) 800 Robots Destroyed (20) 100 Value Destroyed (629) 629 Prototype IDs (0) 0 Alien Tech Used (0) 0 Bonus (0) 0 TOTAL SCORE: 2529 Bonus ------- None Cogmind --------- Core Integrity 0/550 Matter 300/300 Energy 99/100 System Corruption 0% Temperature Cool (9) Movement Core (50) Location -8/Materials Parts ------- > --- POWER (3) -------- (None) > --- PROPULSION (2) --- (None) > --- UTILITY (4) ------ (None) > --- WEAPON (2) ------- (None) > --- INVENTORY (5) ---- Aluminum Leg Peak State ------------ > --- POWER ------------ Light Nuclear Core Light Nuclear Core > --- PROPULSION ------- Aluminum Leg Aluminum Leg > --- UTILITY ---------- Improved Heat Sink Improved Heat Sink Hardlight Generator > --- WEAPON ----------- Particle Gun Field Laser > --- INVENTORY -------- Aluminum Leg Particle Gun [Rating: 22] Favorites ----------- Power Light Ion Engine Engine Light Ion Engine Power Core Light Nuclear Core Propulsion Flight Unit Treads Light Treads Leg Aluminum Leg Wheel Wheel Flight Unit Flight Unit Utility Hardened Light Armor Plating Device Improved Heat Sink Processor Signal Interpreter Protection Hardened Light Armor Plating Weapon Beam Rifle Energy Gun Beam Rifle Ballistic Gun Assault Rifle Special Melee Weapon Datajack Build | -11 -10 -9 -9 -8 ------- Run | Yrd Mat Mat Min Mat Slots Evolved 4 | . . 2 . 2 Power 2 | . . 2 . . Propulsion . | . . . . . Utility 2 | . . . . 2 Weapon . | . . . . . Parts Attached 32 | 6 4 7 4 11 Power 6 | 1 1 1 1 2 Engine 4 | 1 1 1 1 . Core 2 | . . . . 2 Reactor . | . . . . . Propulsion 10 | 3 1 2 1 3 Treads 2 | . . . . 2 Leg 3 | 1 . . 1 1 Wheel 3 | 2 1 . . . Hover . | . . . . . Flight 2 | . . 2 . . Utility 7 | . 2 1 1 3 Device 4 | . 1 . 1 2 Storage . | . . . . . Processor 1 | . 1 . . . Hackware . | . . . . . Protection 2 | . . 1 . 1 Artifact . | . . . . . Weapon 9 | 2 . 3 1 3 Energy Gun 7 | 1 . 2 1 3 Energy Cannon . | . . . . . Ballistic Gun 1 | 1 . . . . Ballistic Cannon . | . . . . . Launcher . | . . . . . Special Weapon . | . . . . . Impact Weapon . | . . . . . Slashing Weapon . | . . . . . Piercing Weapon . | . . . . . Special Melee Weapon 1 | . . 1 . . Unidentified Prototypes . | . . . . . Parts Lost 29 | . 7 1 4 17 Power 6 | . 2 . 1 3 Propulsion 9 | . 3 . 1 5 Utility 6 | . . 1 . 5 Weapon 8 | . 2 . 2 4 Highest Loss Streak 13 | . 7 1 4 13 To Critical Strikes . | . . . . . Average Slot Usage (%) 65 | . 70 64 64 64 Engine 7 | . 10 7 12 3 Core 2 | . . . . 6 Leg 4 | . . . 1 10 Wheel 3 | . 18 . . . Flight 11 | . . 21 19 4 Device 9 | . 9 3 1 19 Processor 2 | . 9 2 . . Protection 6 | . . 8 11 5 Energy Gun 12 | . 10 12 11 14 Ballistic Gun 1 | . 10 . . . Special Melee Weapon 4 | . . 9 8 . Naked Turns 5 | . . . . 5 Heaviest Build 23 | 7 10 12 19 23 Greatest Support 40 | 20 20 8 10 40 Greatest Overweight (x) 4 | . 3 3 4 2 Average Overweight (x) 1 | . . 1 2 . Largest Inventory Capacity 5 | 5 5 5 5 5 Average Capacity 5 | 5 5 5 5 5 Most Carried 5 | 2 3 3 2 5 Average Carried . | . . 1 . 1 Final Capacity 5 | 5 5 5 5 5 Final Carried 2 | . 2 1 . 1 Class Distribution -------------------- 84% | Mutant 15% | Scavenger-Mutant Dominant Class ---------------- Mutant | -10/Materials Mutant | -9/Materials Mutant | -9/Mines Mutant | -8/Materials Resources | -11 -10 -9 -9 -8 ----------- Run | Yrd Mat Mat Min Mat Matter Collected 524 | 278 85 65 25 71 Remotely . | . . . . . Salvage Created 803 | 47 231 117 149 259 Parts 43 | 1 12 11 5 14 Haulers Intercepted . | . . . . . Recyclers Shooed . | . . . . . Parts Field Recycled . | . . . . . Retrieved Matter . | . . . . . Parts Self-Destructed . | . . . . . Prevented . | . . . . . Kills | -11 -10 -9 -9 -8 ------- Run | Yrd Mat Mat Min Mat Combat Hostiles Destroyed 17 | 1 3 4 3 6 Melee 1 | . . . . 1 Guns 15 | 1 2 4 3 5 Classes Destroyed 6 | 1 2 3 . . Worker 1 | . . 1 . . Recycler 1 | . 1 . . . Watcher 1 | . 1 . . . Swarmer 3 | . . 3 . . Grunt 12 | 1 3 . 3 5 Sentry 2 | . . 1 . 1 Best Kill Streak 4 | 1 3 4 3 2 Combat Bots Only 3 | 1 1 3 3 2 Max Kills in Single Turn 1 | 1 1 1 1 1 Gunslinging . | . . . . . Exploded . | . . . . . Melee 1 | . . . . 1 Uniques/NPCs Destroyed . | . . . . . Combat | -11 -10 -9 -9 -8 -------- Run | Yrd Mat Mat Min Mat Hostile Shots Fired 317 | 6 70 28 23 190 Missed 96 | 2 22 7 5 60 Damage Taken 2820 | 44 564 221 232 1759 Core 904 | . 207 89 51 557 Absorbed by Shields . | . . . . . Core Remaining (%) 60 | 100 17 . 65 . Volleys Fired 92 | 6 23 18 9 36 Largest 2 | 2 2 1 1 2 Hottest 128 | 70 70 56 56 128 Shots Fired 132 | 10 45 18 9 50 Gun 132 | 10 45 18 9 50 Cannon . | . . . . . Launcher . | . . . . . Special . | . . . . . Kinetic 29 | 6 23 . . . Thermal 103 | 4 22 18 9 50 Explosive . | . . . . . Electromagnetic . | . . . . . Robot Hit Streak 13 | 3 8 4 6 13 Robot Miss Streak 7 | 4 4 7 1 3 Penetration Max . | . . . . . Secondary Targets 1 | . . . . 1 Max Gunslinging Chain 1 | . . . . 1 Shots Hit Robots 81 | 4 27 9 7 34 Core Hits 39 | 2 11 6 5 15 Critical Kills . | . . . . . Critical Parts Destroyed . | . . . . . Critical Strikes 6 | . 3 1 . 2 Burn 6 | . 3 1 . 2 Melee Attacks . | . . . . . Impact . | . . . . . Slashing . | . . . . . Piercing . | . . . . . Sneak Attacks . | . . . . . Combat Hostiles . | . . . . . Follow-up Attacks . | . . . . . Damage Inflicted 1279 | 64 376 160 103 576 Guns 1262 | 64 362 160 103 573 Cannons . | . . . . . Explosions . | . . . . . Melee . | . . . . . Ramming 17 | . 14 . . 3 Kinetic 242 | 40 202 . . . Thermal 1020 | 24 160 160 103 573 Explosive . | . . . . . Electromagnetic . | . . . . . Impact . | . . . . . Slashing . | . . . . . Piercing . | . . . . . Highest Corruption . | . . . . . Average Corruption . | . . . . . Corruption Purged . | . . . . . Corruption Blocked . | . . . . . Overload Shots . | . . . . . Overflow Damage . | . . . . . Projectiles . | . . . . . Explosions . | . . . . . Melee . | . . . . . Knockbacks . | . . . . . Impact . | . . . . . Kinetic . | . . . . . Secondary . | . . . . . Self-Inflicted Damage 6 | . 6 . . . Shots . | . . . . . Rammed 5 | . 3 . . 2 Targets Rammed 6 | . 3 . . 3 Kicked . | . . . . . Crushed 1 | . . . . 1 Highest Temperature 323 | 54 68 82 323 144 Average Temperature 56 | 30 24 33 159 52 Received Heat Transfer 1308 | 24 318 18 129 819 Effects 1 | . . . 1 . Short Circuit 1 | . . . 1 . Siege Activations . | . . . . . Robots Corrupted . | . . . . . Combat Hostiles . | . . . . . Parts Fried . | . . . . . Impact Corruptions . | . . . . . Robots Melted 1 | . 1 . . . Combat Hostiles 1 | . 1 . . . Parts Melted 5 | . 2 1 . 2 Heat Transferred 2997 | 74 703 481 259 1480 Parts Sabotaged . | . . . . . Parts Stolen . | . . . . . Parts Stripped . | . . . . . Power Chain Reactions . | . . . . . Alert | -11 -10 -9 -9 -8 ------- Run | Yrd Mat Mat Min Mat Peak Influence 132 | 20 95 132 96 117 Initial 51 | . 13 22 51 37 Average 60 | 7 51 78 59 66 Maximum Alert Level . | . . . . . Low Security (%) 100 | 100 100 100 100 100 Level 1 . | . . . . . Level 2 . | . . . . . Level 3 . | . . . . . Level 4 . | . . . . . Level 5 . | . . . . . High Security . | . . . . . Max Security . | . . . . . Squads Dispatched 5 | . 1 . . 4 Investigation 2 | . . . . 2 Extermination . | . . . . . Reinforcement 3 | . 1 . . 2 Assault . | . . . . . Garrison . | . . . . . Intercept . | . . . . . Searches Triggered . | . . . . . Construction Impeded 1 | . . . . 1 Haulers Reinforced . | . . . . . Active Scanning Responses . | . . . . . Cargo Convoy Interrupts . | . . . . . Stealth | -11 -10 -9 -9 -8 --------- Run | Yrd Mat Mat Min Mat Distress Signals 1 | . . 1 . . Communications Jammed . | . . . . . Distress Signals . | . . . . . Times Spotted 38 | 1 10 8 3 16 Peak Tracking Total 7 | 1 5 4 3 7 Tactical Retreats 1 | . . . . 1 Traps | -11 -10 -9 -9 -8 ------- Run | Yrd Mat Mat Min Mat Traps Triggered 2 | . . 1 . 1 Indirectly . | . . . . . Trap Hack Attempts . | . . . . . Triggered . | . . . . . Disarmed . | . . . . . Reprogrammed . | . . . . . Reused . | . . . . . Traps Extracted . | . . . . . Installed . | . . . . . Triggered . | . . . . . Machines | -11 -10 -9 -9 -8 ---------- Run | Yrd Mat Mat Min Mat Machines Disabled . | . . . . . Max in Single Turn . | . . . . . Machines Repaired . | . . . . . Machines Dismantled . | . . . . . Machines Sabotaged . | . . . . . Overloaded Fab Kills . | . . . . . Hacking | -11 -10 -9 -9 -8 --------- Run | Yrd Mat Mat Min Mat Machines Accessed 1 | . . . . 1 Terminals 1 | . . . . 1 Fabricators . | . . . . . Repair Stations . | . . . . . Recycling Units . | . . . . . Scanalyzers . | . . . . . Garrison Access . | . . . . . Total Hacks 3 | . . . . 3 Successful 2 | . . . . 2 Failed 1 | . . . . 1 Catastrophic . | . . . . . Database Lockouts . | . . . . . Manual 1 | . . 1 . . Terminals 3 | . . . . 3 Fabricators . | . . . . . Repair Stations . | . . . . . Recycling Units . | . . . . . Scanalyzers . | . . . . . Garrison Access . | . . . . . Terminal Hacks 2 | . . . . 2 Record 2 | . . . . 2 Fabricator Hacks . | . . . . . Repair Station Hacks . | . . . . . Recycling Unit Hacks . | . . . . . Scanalyzer . | . . . . . Garrison Access Hacks . | . . . . . Unauthorized Hacks . | . . . . . Terminals . | . . . . . Fabricators . | . . . . . Repair Stations . | . . . . . Recycling Units . | . . . . . Scanalyzers . | . . . . . Garrison Access . | . . . . . Data Cores Recovered . | . . . . . Used . | . . . . . Hacking Detections 2 | . . 1 . 1 Full Trace Events 1 | . . . . 1 Feedback Events . | . . . . . Feedback Blocked . | . . . . . Robot Schematics Acquired . | . . . . . Robots Built . | . . . . . Authchips . | . . . . . Time . | . . . . . Total Robot Build Rating . | . . . . . Part Schematics Acquired . | . . . . . Parts Built . | . . . . . Authchips . | . . . . . Time . | . . . . . Total Part Build Rating . | . . . . . Parts Repaired . | . . . . . Time . | . . . . . Parts Recycled . | . . . . . Recycled Matter . | . . . . . Retrieved Matter . | . . . . . Retrieved Components . | . . . . . Parts Scanalyzed . | . . . . . Part Schematics Acquired . | . . . . . Parts Damaged . | . . . . . Bothacking | -11 -10 -9 -9 -8 ------------ Run | Yrd Mat Mat Min Mat Used RIF Installer . | . . . . . Robots Hacked . | . . . . . Non-combat . | . . . . . Combat . | . . . . . Robot Hacks Applied . | . . . . . Relay Couplers Released . | . . . . . Fabnet Peak Effective % . | . . . . . Robots Rewired . | . . . . . Allies Hacked . | . . . . . Hacks Repelled . | . . . . . Allies | -11 -10 -9 -9 -8 -------- Run | Yrd Mat Mat Min Mat Total Allies . | . . . . . Largest Group . | . . . . . Highest-Rated Group . | . . . . . Highest-Rated Ally . | . . . . . Total Orders . | . . . . . Ally Attacks . | . . . . . Total Damage . | . . . . . Kills . | . . . . . Allies Corrupted . | . . . . . Allies Melted . | . . . . . Intel | -11 -10 -9 -9 -8 ------- Run | Yrd Mat Mat Min Mat Robot Analysis Total . | . . . . . Derelict Logs Recovered 2 | . . . 2 . Drone Launches . | . . . . . Drone Recoveries . | . . . . . Exploration | -11 -10 -9 -9 -8 ------------- Run | Yrd Mat Mat Min Mat Turns Passed 1512 | 119 241 292 362 498 Spaces Moved 856 | 86 182 206 169 213 Core 321 | 19 23 127 140 12 Treads 19 | . . . . 19 Legs 202 | . . . 20 182 Wheels 226 | 67 159 . . . Hover . | . . . . . Flight 88 | . . 79 9 . Fastest Speed 37 | 50 50 37 190 50 Average Speed 136 | 73 83 117 199 174 Slowest Speed 360 | 80 200 200 360 260 Overloaded Moves . | . . . . . Propulsion Burnouts . | . . . . . Robots Hopped . | . . . . . Cave-ins Triggered . | . . . . . Exploration Rate (%) 23 | 7 23 24 46 16 Regions Visited 4 Branch Regions 1 Pre-discovered Areas 1 | . . . 1 . Known Exits Taken 1 | . 1 . . . Unknown Exits Taken 3 | 1 . 1 1 . Scrap Searched 1 | . . . 1 . Spaces Dug . | . . . . . Terrain Destroyed . | . . . . . Melee . | . . . . . Projectile . | . . . . . AOE . | . . . . . Terrain Rammed . | . . . . . Walls Destroyed . | . . . . . Machines Disabled . | . . . . . Actions | -11 -10 -9 -9 -8 --------- Run | Yrd Mat Mat Min Mat Total 1070 | 132 224 241 185 288 Wait 48 | 27 7 . 1 13 Move 852 | 85 181 205 168 213 Hop . | . . . . . Pick Up 34 | 6 6 7 3 12 Fast Attach . | . . . . . Attach 32 | 6 4 7 4 11 Detach 3 | 1 . 2 . . Swap . | . . . . . Drop 3 | 1 . 2 . . Fire 92 | 6 23 18 9 36 Melee . | . . . . . Ram 3 | . 3 . . . Kick . | . . . . . Crush 3 | . . . . 3 Escape Stasis . | . . . . . Rewire . | . . . . . Trap . | . . . . . Miscellaneous . | . . . . . Route ------- -11/Scrapyard -10/Materials -9/Materials -9/Mines -8/Materials History --------- Turn | Location | Event 2 | -11/Scrapyard | Met Revision 17 60 | -11/Scrapyard | Discovered new exit (range 8) 120 | -11/Scrapyard | Entered Materials 308 | -10/Materials | Core integrity fell below 50% 351 | -10/Materials | Discovered new exit (range 16) 360 | -10/Materials | Core integrity fell below 20% 360 | -10/Materials | Identified exit to Materials 361 | -10/Materials | Entered another Materials area 361 | -9/Materials | Evolved 2 slots: Power x2 383 | -9/Materials | Lost 7 parts (2p3n2w) 487 | -9/Materials | Discovered new exit (range 8) 622 | -9/Materials | Build established: Mutant 653 | -9/Materials | Entered Mines 738 | -9/Mines | Discovered new exit (range 10) 742 | -9/Mines | Learned Materials stockpile data 922 | -9/Mines | Learned location of Storage (-9) 985 | -9/Mines | Lost 4 parts (1p1n2w) 1015 | -9/Mines | Entered Materials 1015 | -8/Materials | Evolved 2 slots: Utility x2 1468 | -8/Materials | Core integrity fell below 50% 1504 | -8/Materials | Core integrity fell below 20% 1513 | -8/Materials | Destroyed by Y-45 Defender with Beam Rifle Last Messages --------------- Crushed G-47 Trooper. G-47 Trooper destroyed. Acquired 16 matter. Slammed into U-05 Engineer. ALERT: Construction progress impeded, dispatching reinforcements to local area. Slug penetrates Wall. Wall collapses. U-05 Engineer builds a Door. Lgt. Treads destroyed. Critical hit (Burn: +37). Imp. Heat Sink destroyed. U-05 Engineer builds a Wall. Slug penetrates Pressure Siphon. Pressure Siphon disabled. Imp. Heat Sink destroyed. Penetrated by Slug. Slug penetrates Wall. Lgt. Treads destroyed. [Achievement: First Step to Greatness] Map ----- +----------------------------------------------------+ | ?????????????????????????????????????????? | | ?????????????????????????????????????????? | | ?????????????????????????????????????????? | | ?????????????????????????????????????????? | | ?????????????????????????????????????????? | | ?????????????????????????????????????????? | | ?????????????????????????????????????????? | | ?????????????????????????????????????????? | | ?????????????????????????????????????????? | | ?????????????????????????????????????????? | | ?????????????????????????????????????????? | | ?????????????????????????????????????????? | | ???????????????????????????????????? ????? | | ???????????????????????????????????? ???? | | ???????????????????????????????????? ???? | | ???????????????????????????????????? ???? | | ??????????????????????????????????? "???? | | ??????????????????????????????????? """?? | | ??????????????????????????????????? """ | | ??????????????????????????????????? """ | | ?????????????????????????????????? ? | | ??????????????????????????????????" ? | | ??????????????????????????????????# """ | | ?????????### ????????????????????## """ | | ?????????# ################### """ | | ?????????# @ a g "%" | | ??????+ Y %% | | ??????# ## a g | | ?????????# ##+################ ##### | | ?????????## #????????# """ # #???? | | ??????????# ????????## " % # #???? | | ??????????# ?????????# % # #???? | | ??????????# ??????????## === %/% #???? | | ??????????#????????????# == # #???? | | ???????????????????????# == ### #???? | | ???????????????????????# #?# #???? | | ???????????????????????# ### ###?? | | ???????????????????????########### ##+ | | ???????????????????????????????### | | ???????????????????????????????+ T | | ???????????????????????????????### | | ?????????????????????????????????# ### | | ?????????????????????????????????###+###?? | | ????????????????????????????????????? ???? | | ?????????????????????????????????????? ??? | | ?????????????????????????????????????? ### | | ???????????????????????????????????????+ | | ???????????????????????????????????????# | | ???????????????????????????????????????# | | ???????????????????????????????????????# | +----------------------------------------------------+ Best States ------------- Heat Dissipation 59 Energy Generation 23 Energy Capacity 290 Matter Stores 300 Matter Capacity 300 Sight Range 16 Robot Scan Range 14 Terrain Scan Density 10 Armor Coverage 150 Evasion (%) 62 Recoil Reduction 2 Item Schematics ----------------- None Robot Schematics ------------------ None Fabricated ------------ Nothing Alien Tech Used ----------------- None Achievements -------------- Crack Shot First Step to Greatness It's Just You One Hack Too Far Storm Trooper Uninvited Guest Challenges ------------ None Game ------ Seed BombThrowingMatter Manual? 0 Play Time 00:28:14 Cumulative 0.4 hours Start 2024.07.31 @ 21:08:58 End 2024.07.31 @ 21:36:43 Sessions 2 Manual Loads 0 Difficulty Rogue Special Mode None Game No. 1 Rogue 1 Adventurer 0 Explorer 0 Win Type - Total 0 Types 0/0/0/0/0/0/0/0/0 Lore% 0 Gallery% 2 Achievement% 2 Wizard Run 0 Options --------- Layout 1 ASCII 1 Keyboard 0 Movement Arrows Keybinds 0 Fullscreen 1 Font 24/Smallcaps Map View 50x35 Zoom Use 0% Tactical HUD 0 Map Filters NONE Filters NONE Steam 0 RUN: c930e17a-088f-4a26-ba5e-18d0955fa579